 Dungeon Crawl Stone Soup version 0.28-a0-1142-gc8569940dd (webtiles) character file.

Game seed: 2541264111578163387

17825 Essalna the Destroyer (level 12, -10/83 HPs)
             Began as a Demonspawn Fire Elementalist on Dec 13, 2021.
             Was a High Priest of Vehumet.
             Mangled by a komodo dragon (22 damage)
             ... on level 2 of the Lair of Beasts.
             The game lasted 00:32:20 (11454 turns).

Essalna the Destroyer (DsFE)                       Turns: 11454, Time: 00:32:21

Health: -10/83     AC: 12    Str:  8    XL:     12   Next: 22%
Magic:  24/35      EV: 13    Int: 22    God:    Vehumet [*****.]
Gold:   800        SH:  4    Dex: 14    Spells: 21/31 levels left

rFire   + . .      SeeInvis .   q - +9 lance "Wyrmbane" {slay drac, rPois rF+ rC+ AC+3}
rCold   + . .      Faith    .   (no shield)
rNeg    . . .      Spirit   .   a - +0 robe
rPois   +          Reflect  .   (helmet restricted)
rElec   .          Harm     .   o - +1 cloak
rCorr   .          Rampage  .   n - +0 pair of gloves
Will    .....                   (no boots)
Stlth   ++........              i - amulet of regeneration
HPRegen 1.03/turn               e - +4 ring of protection
MPRegen 0.48/turn               C - ring of magical power

@: no status effects
A: horns 2, large bone plates 1, magic regeneration, demonic magic 1
a: Renounce Religion


You were on level 2 of the Lair of Beasts.
You worshipped Vehumet.
Vehumet was extremely pleased with you.
You visited 3 branches of the dungeon, and saw 13 of its levels.
You also visited: Sewer.

You collected 800 gold pieces.

Inventory:

Hand Weapons
 c - a +0 dagger
 j - a +3 dagger of flaming
 q - the +9 lance "Wyrmbane" (weapon) {slay drac, rPois rF+ rC+ AC+3}
   (You took it off Maggie on level 7 of the Dungeon)

   It inflicts extra damage against dragons and draconians.
   AC:        It affects your AC (+3).
   rF:        It protects you from fire.
   rC:        It protects you from cold.
   rPois:     It protects you from poison.
 r - the +6 flail "Coth" {vorpal, rElec Will+}
   (You found it on level 5 of the Dungeon)

   It inflicts extra damage upon your enemies.
   rElec:     It insulates you from electricity.
   Will:      It increases your willpower.
 u - a +2 whip of freezing
 y - the +5 quarterstaff of Ceypesch {freeze, *Rage rF+ Dex+3}
   (You found it on level 5 of the Dungeon)

   It freezes those it strikes, dealing additional cold damage.
   It can also slow down cold-blooded creatures.
   Dex:       It affects your dexterity (+3).
   rF:        It protects you from fire.
   *Rage:     It berserks you when you make melee attacks (+20% chance).
Armour
 a - a +0 robe (worn)
 k - a +0 helmet
 m - a +4 scale mail of willpower
 n - a +0 pair of gloves (worn)
 o - a +1 cloak (worn)
Magical Staves
 P - a staff of cold
Jewellery
 e - a +4 ring of protection (left hand)
 i - an amulet of regeneration (around neck)
 B - an amulet of the acrobat
 C - a ring of magical power (right hand)
 G - a ring of resist corrosion
 I - a +6 ring of intelligence
Wands
 D - a wand of paralysis (13)
 F - a wand of iceblast (10)
 J - a wand of acid (11)
 K - a wand of charming (6)
 O - a wand of mindburst (7)
Scrolls
 g - 3 scrolls of magic mapping
 h - a scroll of enchant weapon
 l - 5 scrolls of identify
 s - 5 scrolls of teleportation
 x - 4 scrolls of immolation {unknown}
 H - a scroll of amnesia {unknown}
 M - 2 scrolls of fear {unknown}
Potions
 b - 4 potions of haste {unknown}
 d - 4 potions of magic {unknown}
 f - a potion of heal wounds
 p - 3 potions of lignification {unknown}
 t - 6 potions of curing
 v - 4 potions of might
 w - a potion of brilliance {unknown}
 z - a potion of cancellation {unknown}
 A - a potion of mutation {unknown}
 E - a potion of attraction {unknown}
 L - 2 potions of ambrosia
 N - a potion of berserk rage {unknown}
 Q - a potion of resistance {unknown}


   Skills:
 + Level 4.1 Fighting
 + Level 3.9 Armour
 + Level 4.3 Dodging
 - Level 1.7 Stealth
 + Level 10.1 Spellcasting
 + Level 10.8 Conjurations
 + Level 10.2 Fire Magic
 + Level 2.8 Earth Magic


You had 21 spell levels left.
You knew the following spells:

 Your Spells              Type           Power      Damage    Failure   Level
a - Foxfire               Conj/Fire      100%       2x1d9     1%          1
b - Scorch                Fire           100%       2d10      1%          2
c - Flame Wave            Conj/Fire      55%        2d9       1%          4
d - Stone Arrow           Conj/Erth      82%        3d12      1%          3

Your spell library contained the following spells:

 Spells                   Type           Power      Damage    Failure   Level
 Olgreb's Toxic Radiance  Pois           11%        N/A       16%         4
 Sandblast                Erth           46%        2d11      1%          1
 Conjure Flame            Conj/Fire      55%        6-21      1%          3
 Inner Flame              Hex/Fire       33%        N/A       1%          3
 Passwall                 Tmut/Erth      14%        N/A       4%          2
 Gell's Gravitas          Tloc           11%        N/A       19%         3
 Teleport Other           Tloc           11%        N/A       19%         3
 Summon Ice Beast         Ice/Summ       11%        N/A       52%         4
 Summon Mana Viper        Hex/Summ       11%        N/A       86%         5
 Dispersal                Tloc           5%         N/A       100%        6
 Monstrous Menagerie      Summ           5%         N/A       100%        7


Dungeon Overview and Level Annotations

Branches:
Dungeon (10/15)            Temple (1/1) D:5            Lair (2/6) D:10
    Orc (0/2) D:9           Sewer (visited)
  Swamp: Lair:2-4    Shoals: Lair:2-4     Snake: Lair:2-4    Spider: Lair:2-4

Altars:
Hepliaklqana
Makhleb
Nemelex Xobeh
Qazlal
Trog
Uskayaw
Vehumet
Xom
The Shining One

Shops:
D:3 ??[   D:8 (


Innate Abilities, Weirdness & Mutations

You have a pair of horns on your head.
You are partially covered in large bone plates. (SH +4)
You regenerate magic rapidly.
Spells you cast may paralyse adjacent enemies.


Message History

The seven-headed hydra is burned terribly!
You kill the seven-headed hydra!
Vehumet accepts your kill.
You feel your power returning.
The flame wave engulfs the black mamba!
The black mamba is severely wounded.
The flame wave engulfs the komodo dragon!
The komodo dragon is moderately wounded.
The black mamba is no longer paralysed.
The black mamba closely misses you.
A wave of flame ripples out!
The flame wave engulfs the black mamba!
The black mamba is almost dead.
The flame wave engulfs the komodo dragon.
The komodo dragon is moderately wounded.
You finish channelling waves of flame.
You block the black mamba's attack. The black mamba barely misses you.
The komodo dragon bites you but does no damage.
You feel much better. The black mamba misses you.
The black mamba bites you but does no damage.
You block the komodo dragon's attack.
Casting: Flame Wave (safe; 1% risk of failure)
Confirm with . or Enter, or press ? or * to list all spells.
Casting: Flame Wave (safe; 1% risk of failure)
Press: ? - help, Dir - look around, f - activate A wave of flame ripples out!
The flame wave engulfs the komodo dragon.
The komodo dragon is moderately wounded.
The flame wave engulfs the black mamba!
You kill the black mamba!
Vehumet accepts your kill.
You feel your power returning. (Press . to intensify the flame waves.) Malevolent energies surge around you.
The komodo dragon bites you!!
* * * LOW HITPOINT WARNING * * *
A wave of flame ripples out!
The flame wave engulfs the komodo dragon!
The komodo dragon is heavily wounded.
The flame wave engulfs the water moccasin.
The water moccasin is lightly wounded.
The water moccasin barely misses you. You block the water moccasin's attack.
The komodo dragon bites you!!
You die...

....#....## ##.##..###
#..##..# ##.###.##
#...#...# .#.#.#.## ^..
........# .... #..##.###
#####..... ....########
##.@l†.....
....PP#P##.###...S.#....
#.........)#............
#.......................
#.......................
##........#..........#..
#.....#P.###....####...
#..........#.#.#..# ..
............##......


You could see a komodo dragon and a water moccasin.

Vanquished Creatures
  A hydra (Lair:2)
  The ghost of Gargoyl the Fighter, a journeyman GnAK of Lugonu (Lair:1)
  Pikel (D:4)
  The ghost of amateurhour the Ruffian, a novice TrMo of Lugonu (D:5)
  3 centaur zombies (D:8)
  2 black mambas
  4 centaur skeletons (D:8)
  A cane toad (Lair:1)
  A gargoyle (D:10)
  Maggie (D:7)
  2 komodo dragons (Lair:1)
  A queen bee (D:9)
  2 hellwings
  3 trolls
  Grinder (D:5)
  A hornet (D:10)
  A wyvern (Lair:1)
  15 yaks
  A shadow (D:9)
  A steam dragon (D:9)
  3 basilisks
  Menkaure (D:7)
  3 acid dragons
  4 water moccasins
  Duvessa (D:7)
  4 orc warriors
  2 ice beasts (D:7)
  2 sky beasts (D:5)
  6 centaurs
  3 lemures
  3 ogres
  A phantom (D:9)
  2 kobold brigands
  A gnoll sergeant (D:8)
  14 bullfrogs
  A wyvern zombie (D:8)
  A water moccasin zombie (D:6)
  A water moccasin skeleton (D:5)
  Dowan (D:7)
  22 killer bees
  A troll zombie (D:9)
  4 wights (D:9)
  An electric eel (D:10)
  6 howler monkeys
  2 bullfrog zombies
  A jelly (D:6)
  Crazy Yiuf (D:3)
  3 hounds
  6 orc priests
  A gnoll shaman (D:5)
  6 orc wizards
  7 ogre zombies (D:9)
  A howler monkey zombie (D:9)
  Robin (D:2)
  11 adders
  12 gnolls
  4 river rats
  4 shadow imps
  2 worms
  2 dart slugs
  32 orcs
  7 endoplasms
  5 giant cockroaches
  15 goblins
  6 hobgoblins
  6 jackals
  7 quokkas
  21 ball pythons
  3 bats
  9 frilled lizards
  2 goblin skeletons (D:9)
  A goblin zombie (D:9)
  2 hobgoblin skeletons (D:9)
  A hobgoblin zombie (D:9)
  17 kobolds
  2 orc skeletons (D:9)
  17 orc zombies (D:9)
  31 rats
380 creatures vanquished.

Vanquished Creatures (collateral kills)
  The ghost of xoxolimbo the Destroyer, a journeyman DsFE of Vehumet (Lair:1)
  18 foxfires
19 creatures vanquished.

Vanquished Creatures (others)
  1383 foxfires
  A fungus (Lair:1)
  18 plants
  18 withered plants
1420 creatures vanquished.

Grand Total: 1819 creatures vanquished

Notes
Turn   | Place    | Note
-------+----------+-------------------------------------------
     0 | D:1      | Essalna the Demonspawn Fire Elementalist began the quest
                  | for the Orb.
     0 | D:1      | Reached XP level 1. HP: 13/13 MP: 3/3
   322 | D:1      | Gained mutation: You regenerate magic rapidly. [demonic
                  | ancestry]
   322 | D:1      | Reached XP level 2. HP: 19/19 MP: 1/5
   512 | D:1      | Found a faded altar of an unknown god.
   850 | D:1      | Reached XP level 3. HP: 24/24 MP: 1/6
  1736 | D:2      | Noticed Robin
  1738 | D:2      | Reached XP level 4. HP: 30/30 MP: 5/8
  1829 | D:2      | Killed Robin
  2385 | D:3      | Found Pynoicid's Armour Shoppe.
  2630 | D:3      | Found Foub's Magic Scroll Boutique.
  2924 | D:3      | Found Wexig's Magic Scroll Boutique.
  2958 | D:3      | Found a runed translucent door.
  2962 | D:3      | Learned a level 2 spell: Scorch
  2962 | D:3      | Noticed Crazy Yiuf
  2968 | D:3      | Killed Crazy Yiuf
  2969 | D:3      | Reached XP level 5. HP: 35/35 MP: 2/9
  3101 | D:4      | Noticed a lemure
  3133 | D:4      | Noticed Pikel
  3133 | D:4      | Noticed a lemure
  3133 | D:4      | Noticed a lemure
  3155 | D:3      | Killed a lemure
  3251 | D:4      | Killed a lemure
  3261 | D:4      | Noticed a lemure
  3290 | D:3      | Killed a lemure
  3548 | D:4      | Found a glowing drain.
  3556 | Sewer    | Entered a sewer
  3884 | Sewer    | Gained mutation: You have a pair of small horns on your
                  | head. [demonic ancestry]
  3884 | Sewer    | Reached XP level 6. HP: 41/41 MP: 7/11
  4212 | D:4      | Killed Pikel
  4213 | D:4      | Reached skill level 5 in Spellcasting
  4213 | D:4      | Reached skill level 5 in Conjurations
  4213 | D:4      | Reached skill level 5 in Fire Magic
  4213 | D:4      | Reached XP level 7. HP: 29/46 MP: 4/14
  4525 | D:4      | Found a hazy altar of Hepliaklqana.
  4602 | D:5      | Entered Level 5 of the Dungeon
  4751 | D:5      | Found a runed translucent door.
  4753 | D:5      | Noticed amateurhour's ghost (novice TrMo)
  4797 | D:5      | Noticed Grinder
  4799 | D:5      | Found a staircase to the Ecumenical Temple.
  4811 | D:5      | Killed Grinder
  4812 | D:5      | Gained mutation: Spells you cast may paralyse adjacent
                  | enemies. [demonic ancestry]
  4812 | D:5      | Reached XP level 8. HP: 52/52 MP: 5/16
  4944 | Temple   | Entered the Ecumenical Temple
  4956 | Temple   | Became a worshipper of Vehumet
  5133 | D:5      | Learned a level 4 spell: Flame Wave
  5139 | D:5      | Identified the +6 flail "Coth" {vorpal, rElec Will+}
  5214 | D:5      | Identified the +5 quarterstaff of Ceypesch {freeze, *Rage
                  | rF+ Dex+3}
  5438 | D:5      | Killed amateurhour's ghost
  5496 | D:6      | Gained mutation: You have a pair of horns on your head.
                  | [demonic ancestry]
  5496 | D:6      | Reached XP level 9. HP: 57/57 MP: 18/18
  5776 | D:6      | Reached * piety under Vehumet
  5776 | D:6      | Offered knowledge of Shock by Vehumet.
  6385 | D:7      | Noticed Duvessa
  6391 | D:7      | Killed Duvessa
  6391 | D:7      | Noticed Dowan
  6394 | D:7      | Killed Dowan
  6462 | D:7      | Noticed Maggie
  6641 | D:8      | Noticed a hellwing
  6645 | D:8      | Noticed a hellwing
  6717 | D:7      | Noticed Menkaure
  6722 | D:7      | Killed Menkaure
  6734 | D:7      | Killed a hellwing
  6944 | D:7      | Killed Maggie
  6945 | D:7      | Reached XP level 10. HP: 43/63 MP: 8/21
  7310 | D:8      | Reached ** piety under Vehumet
  7310 | D:8      | Offered knowledge of Static Discharge by Vehumet.
  7578 | D:8      | Offered knowledge of Frozen Ramparts by Vehumet.
  7954 | D:8      | Reached *** piety under Vehumet
  8008 | D:8      | Found Wocuann's Weapon Shoppe.
  8430 | D:9      | Reached XP level 11. HP: 35/69 MP: 24/24
  8589 | D:9      | Reached skill level 1 in Fighting
  8598 | D:9      | Offered knowledge of Sticky Flame by Vehumet.
  8599 | D:9      | Reached skill level 1 in Armour
  8612 | D:9      | Reached skill level 10 in Conjurations
  8872 | D:9      | Reached **** piety under Vehumet
  8932 | D:9      | Offered knowledge of Iskenderun's Battlesphere by Vehumet.
  8973 | D:9      | Found a staircase to the Orcish Mines.
  9386 | D:10     | Entered Level 10 of the Dungeon
  9400 | D:10     | Reached ***** piety under Vehumet
  9471 | D:10     | Offered knowledge of Olgreb's Toxic Radiance by Vehumet.
  9510 | D:10     | Learned a level 3 spell: Stone Arrow
  9579 | D:10     | Found a staircase to the Lair.
 10049 | Lair:1   | Entered Level 1 of the Lair of Beasts
 10059 | Lair:1   | Reached skill level 1 in Earth Magic
 10100 | Lair:1   | Reached skill level 10 in Fire Magic
 10605 | Lair:1   | Gained mutation: You are partially covered in large bone
                  | plates. (SH +4) [demonic ancestry]
 10605 | Lair:1   | Reached XP level 12. HP: 79/83 MP: 25/25
 10729 | Lair:1   | Found a runed translucent gate.
 10729 | Lair:1   | Found a runed translucent gate.
 10729 | Lair:1   | Found a runed translucent gate.
 10730 | Lair:1   | Noticed xoxolimbo's ghost (journeyman DsFE)
 10732 | Lair:1   | Noticed Gargoyl's ghost (journeyman GnAK)
 10794 | Lair:1   | HP: 4/83 [xoxolimbo's ghost/stone arrow (35)]
 10795 | Lair:1   | Killed xoxolimbo's ghost
 10796 | Lair:1   | Reached skill level 10 in Spellcasting
 10817 | Lair:1   | Killed Gargoyl's ghost
 10955 | Lair:1   | Found a burning altar of Makhleb.
 11365 | Lair:2   | Noticed a death yak
 11365 | Lair:2   | Noticed a death yak
 11439 | Lair:2   | Noticed a seven-headed hydra
 11448 | Lair:2   | HP: 4/83 [seven-headed hydra (6)]
 11449 | Lair:2   | HP: 1/83 [seven-headed hydra (4)]
 11450 | Lair:2   | Killed a seven-headed hydra
 11454 | Lair:2   | Mangled by a komodo dragon

Illustrated notes

Levels and vault maps discovered:
D:1:      minmay_arrival_loop, layout_basic, ebering_ecumenical_altar_rust,
          minmay_misc_feat_roman, amcnicky_mini_rare_corridor_liquid,
          grunt_decor_fettered
D:2:      layout_basic, uniq_robin
D:3:      layout_basic, serial_forest, infiniplex_forest_clump_small,
          infiniplex_forest_fountain, infiniplex_forest_clump_medium,
          infiniplex_forest_straight_3, infiniplex_forest_end_2, serial_shops,
          nicolae_shop_statue_plus, nicolae_shop_hallway_plus, shop_statue,
          uniq_crazy_yiuf_cottage
D:4:      layout_loops_ring, nicolae_hepliaklqana_hippocampus,
          gup_sewer_entry_bubbles, uniq_pikel
D:5:      layout_gridville, minmay_temple_entry_waves,
          ebering_ghost_reflecting_pool, minmay_misc_feat_four_crosses,
          dk_noncrumbling_4, uniq_grinder
D:6:      layout_rooms, feat_on_display
D:7:      layout_basic, uniq_duvessa, uniq_menkaure, uniq_maggie
D:8:      cheibrodos_grave_circle, layout_layer_cave, serial_shops,
          nicolae_shop_temple_entry_statues_fountains, minmay_liquid_box
D:9:      layout_cave_pools, zombieorc2_lemuel, minivault_7
D:10:     layout_basic, dpeg_oklobed_lair
Temple:   nicolae_temple_the_god_donut
Lair:1:   layout_regular_city, gammafunk_ghost_cemetery, lemuel_centaur_altar
Lair:2:   layout_gridlike, spider_nest_entry_funnel_web, basic_altar

Skill      XL: |  1  2  3  4  5  6  7  8  9 10 11 12 |
---------------+-------------------------------------+-----
Fire Magic     | 3 4 5 6 8 9 10 | 10.2
Conjurations   | 2 3 5 6 8 9 10 | 10.8
Spellcasting   | 3 5 6 7 9 10 | 10.1
Dodging        | 4 |  4.3
Fighting       | 3 4 |  4.1
Armour         | 3 |  3.9
Earth Magic    | 2 |  2.8
Stealth        | |  1.7

Action                   |  1- 3 |  4- 6 |  7- 9 | 10-12 || total
-------------------------+-------+-------+-------+-------++-------
Melee: Dagger            |    20 |    70 |     9 |       ||    99
       Headbutt          |       |     1 |     5 |    14 ||    20
       Flail             |       |       |    19 |       ||    19
       Lance             |       |       |       |    90 ||    90
 Cast: Foxfire           |   104 |   175 |   170 |   363 ||   812
       Scorch            |       |    23 |    79 |    69 ||   171
       Flame Wave        |       |       |     1 |    34 ||    35
  Use: Potion            |       |     5 |     1 |     2 ||     8
       Scroll            |       |     3 |     8 |     1 ||    12
 Stab: Sleeping          |       |     2 |       |       ||     2
       Paralysed         |       |       |     3 |     9 ||    12
Armor: Robe              |    13 |    51 |    48 |   132 ||   244
Dodge: Dodged            |    31 |    56 |    61 |   168 ||   316
Block: Other             |       |       |       |    12 ||    12

Table legend: (Time is in decaauts)
 A = Elapsed time spent in this place.
 B = Non-inter-level travel time spent in this place.
 C = Inter-level travel time spent in this place.
 D = Time resting spent in this place.
 E = Time spent auto-exploring this place.
 F = Levels seen in this place.
 G = Mean time per level.
                   A        B        C        D        E       F      G
               +--------+--------+--------+--------+--------+-----+--------+
         Total |  11551 |  10843 |    708 |    223 |   8343 |  14 |  825.1 |
       Dungeon |   9568 |   8951 |    617 |    223 |   6876 |  10 |  956.8 |
        Temple |     17 |     13 |      4 |      0 |      4 |   1 |   17.0 |
          Lair |   1420 |   1334 |     86 |      0 |   1043 |   2 |  710.0 |
         Sewer |    544 |    544 |      0 |      0 |    419 |   1 |  544.0 |
               +--------+--------+--------+--------+--------+-----+--------+

Top non-repeatable levels by time:
     D:8: 1468 daAuts
  Lair:1: 1329 daAuts
     D:2: 1210 daAuts
     D:1: 1150 daAuts
     D:7: 1026 daAuts
     D:4: 977 daAuts
     D:5: 927 daAuts
     D:9: 822 daAuts
     D:3: 785 daAuts
    D:10: 665 daAuts
   Sewer: 544 daAuts
     D:6: 534 daAuts
  Lair:2: 91 daAuts
  Temple: 17 daAuts
